 Dungeon Crawl Stone Soup version 0.28.0-53-g5a82cb258f (webtiles) character file.

Game seed: 4885109920873989069

33103 quokkamancerX the Warrior (level 13, -9/122 HPs)
             Began as a Hill Orc Fighter on July 10, 2022.
             Was an Elder of Hepliaklqana.
             Killed by divine providence
             ... invoked by a meliai
              (10 damage)
             ... on level 4 of the Lair of Beasts.
             The game lasted 00:58:21 (17421 turns).

quokkamancerX the Warrior (Hill Orc Fighter)       Turns: 17421, Time: 00:58:22

Health: -9/122     AC: 20    Str: 24    XL:     13   Next: 68%
Magic:  10/13      EV:  9    Int:  8    God:    Hepliaklqana [****..]
Gold:   936        SH:  5    Dex: 10    Spells: 12/12 levels left

rFire   + . .      SeeInvis .   a - +0 broad axe (vorpal)
rCold   + . .      Faith    .   c - +0 buckler
rNeg    . . .      Spirit   .   o - +1 chain mail {rC+}
rPois   .          Reflect  .   I - +2 hat
rElec   .          Harm     .   (no cloak)
rCorr   .          Rampage  .   D - +2 pair of gloves
Will    .....                   K - +0 pair of boots
Stlth   ..........              v - amulet of regeneration
HPRegen 1.10/turn               F - ring of protection from fire
MPRegen 0.13/turn               H - +4 ring of protection

@: no status effects
A: reduced essence
a: Renounce Religion, Recall Ancestor, Ancestor Identity, Transference, Idealise


You were on level 4 of the Lair of Beasts.
You worshipped Hepliaklqana.
Hepliaklqana was greatly pleased with you.
You visited 3 branches of the dungeon, and saw 16 of its levels.

You collected 936 gold pieces.

Inventory:

Hand Weapons
 a - a +0 vorpal broad axe (weapon)
 b - a +0 war axe of flaming
Missiles
 j - a boomerang (quivered)
 y - 3 curare-tipped darts
Armour
 c - a +0 buckler (worn)
 o - a +1 chain mail of cold resistance (worn)
 D - a +2 pair of gloves (worn)
 I - a +2 hat (worn)
 K - a +0 pair of boots (worn)
Jewellery
 i - a ring of see invisible
 v - an amulet of regeneration (around neck)
 F - a ring of protection from fire (left hand)
 H - a +4 ring of protection (right hand)
Wands
 d - a wand of flame (12)
 k - a wand of charming (1)
 w - a wand of paralysis (6)
 B - a wand of iceblast (14)
 E - a wand of digging (6)
Scrolls
 f - 3 scrolls of vulnerability
 h - 8 scrolls of teleportation
 q - a scroll of summoning
 s - 5 scrolls of fog
 t - a scroll of silence
 u - a scroll of magic mapping
 x - 3 scrolls of immolation
 A - 2 scrolls of holy word
 C - a scroll of brand weapon
 W - a scroll of enchant armour
Potions
 e - 8 potions of curing
 g - 2 potions of flight
 l - a potion of berserk rage
 m - a potion of magic
 n - 3 potions of brilliance
 r - 2 potions of invisibility
 z - 2 potions of resistance
 G - 3 potions of attraction
 L - 3 potions of heal wounds {unknown}


   Skills:
 + Level 18.6 Fighting
 + Level 17.3 Axes
 - Level 3.2 Armour
 - Level 6.0 Dodging
 - Level 6.0 Shields
 - Level 0.8 Invocations
 - Level 6.0 Evocations


You had 12 spell levels left.
You didn't know any spells.
Your spell library contained the following spells:

 Spells                   Type           Power      Damage    Failure   Level
 Freeze                   Ice            0%         1d3       99%         1
 Static Discharge         Conj/Air       0%         N/A       99%         2
 Frozen Ramparts          Ice            0%         1d2       100%        3
 Gell's Gravitas          Tloc           0%         N/A       100%        3
 Lesser Beckoning         Tloc           0%         N/A       100%        3
 Teleport Other           Tloc           0%         N/A       100%        3
 Tukima's Dance           Hex            0%         N/A       100%        3
 Anguish                  Hex/Necr       0%         N/A       100%        4
 Dispel Undead            Necr           0%         3d6       100%        4
 Hailstorm                Conj/Ice       0%         3d3       100%        4
 Sticky Flame             Conj/Fire      0%         2d3       100%        4
 Enfeeble                 Hex            0%         N/A       100%        7


Dungeon Overview and Level Annotations

Branches:
Dungeon (11/15)            Temple (1/1) D:7            Lair (4/6) D:9
  Snake (0/4) Lair:3
  Swamp: Lair:2-4    Shoals: Lair:2-4       Orc: D:9-12

Altars:
Ashenzari
Cheibriados
Dithmenos
Elyvilon
Fedhas
Gozag
Hepliaklqana
Kikubaaqudgha
Makhleb
Nemelex Xobeh
Okawaru
Qazlal
Ru
Sif Muna
Trog
Uskayaw
Vehumet
Wu Jian
Xom
Yredelemnul
Zin
The Shining One

Shops:
D:4 (   D:10 =

Annotations:
D:9 3 runed translucent doors
Lair:1 2 transporters, DocClef's ghost, novice TrHu
Lair:2 1 runed translucent door, MiltankisOP's ghost, journeyman OpTm


Message History

The meliai hits you but does no damage.
The meliai stings you but does no damage.
You feel sick.
The killer bee stings something but does no damage.
The meliai hits you but does no damage.
The meliai stings you but does no damage.
The killer bee completely misses something.
You feel sick.
A meliai comes into view. It is wielding a +0 hand axe.
The meliai hits you but does no damage.
The meliai stings you but does no damage.
Something stings the meliai.
You feel sick.
You are no longer poisoned.
The meliai buzzes angrily.
The meliai mumbles some strange prayers to its god against you.
Something smites you!
* * * LOW HITPOINT WARNING * * *
The meliai hits you but does no damage. The meliai closely misses you.
As you read the scroll of fear, it crumbles to dust.
You assume a fearsome visage.
The killer bee looks frightened!
The meliai looks frightened! x2
The killer bee resists with some effort.
The killer bee barely misses you.
Okay, then.
The killer bee barely misses you. You block the killer bee's attack.
The killer bee stings you but does no damage.
You block the killer bee's attack.
There is a stone staircase leading up, spattered with blood here.
Things that are here:
an elephant corpse; an elephant corpse The killer bee stings you but does no damage.
The meliai mumbles some strange prayers to its god against you.
Something smites you!
* * * LOW HITPOINT WARNING * * *
The killer bee barely misses you.
The meliai mumbles some strange prayers to its god against you.
Something smites you!
You die...

..## ...## .....
#...P.# .... ##......##
....### ###........#.
...#.# #............
#...# #.†..........
#..)# #............
#...###.@..........
###....##yy.......... #
##.#.....y...........♣
.#
##..†.#...............♣
..
#.....##.#............♣
..
#.....#######..........
†.###.....# ##.........
y)#.#....## ###..#....
##§.y##.## ...#...


You could see 2 meliai and a killer bee.

Vanquished Creatures
  Fannar (D:10)
  2 boulder beetles
  Harold (D:11)
  2 hydras
  2 death yaks (Lair:2)
  2 two-headed ogres
  A lindwurm (Lair:4)
  A cyclops (D:10)
  8 elephants
  A guardian serpent (Lair:3)
  3 black mambas
  Joseph (D:10)
  5 cane toads
  3 rime drakes
  2 komodo dragons
  A troll (D:11)
  A meliai (Lair:4)
  Prince Ribbit (D:8)
  3 blink frogs
  2 hornets
  4 dream sheep (Lair:2)
  A meliai zombie (D:11)
  2 wraiths
  A basilisk (Lair:3)
  2 wyverns
  Grum (D:8)
  22 yaks
  2 steam dragons
  A human (D:5)
  2 water moccasins
  Duvessa (D:7)
  2 hornet zombies
  3 ice beasts
  2 orc warriors
  A necrophage (D:8)
  2 sky beasts
  2 black bears
  An ogre (D:4)
  10 wolves
  A centaur (D:9)
  A kobold brigand (D:10)
  A phantom (D:5)
  6 bullfrogs
  A scorpion (D:4)
  Dowan (D:7)
  A water moccasin skeleton (D:4)
  43 killer bees
  A howler monkey (D:8)
  A bullfrog zombie (D:6)
  2 centaur zombies
  3 jellies
  3 orc priests
  4 hounds
  A centaur skeleton (D:7)
  A human skeleton (D:5)
  2 iguanas
  4 orc wizards
  3 hound skeletons
  A howler monkey zombie (D:6)
  4 gnolls (D:5)
  5 adders
  3 white imps
  A worm (D:1)
  5 dart slugs
  16 orcs
  4 endoplasms
  2 giant cockroaches
  14 goblins
  5 hobgoblins
  6 jackals (D:4)
  3 quokkas
  3 ball pythons
  7 bats
  5 frilled lizards
  A goblin zombie (D:5)
  13 kobolds
  7 rats
290 creatures vanquished.

Vanquished Creatures (collateral kills)
  Snorg (D:10)
  2 death yaks
  A two-headed ogre (D:9)
  3 elephants
  2 cane toads
  A rime drake (Lair:1)
  2 komodo dragons
  A hornet (D:9)
  A blink frog (Lair:1)
  2 dream sheep (Lair:2)
  6 yaks
  A wolf (Lair:1)
  A bullfrog (Lair:1)
  8 killer bees
  An electric eel (Lair:3)
  An orc priest (D:9)
  A howler monkey zombie (D:8)
  A kobold (D:10)
36 creatures vanquished.

Vanquished Creatures (others)
  3 ancestors
  3 hexers
  17 fungi
  69 plants
92 creatures vanquished.

Grand Total: 418 creatures vanquished

Notes
Turn   | Place    | Note
-------+----------+-------------------------------------------
     0 | D:1      | quokkamancerX the Hill Orc Fighter began the quest for the
                  | Orb.
     0 | D:1      | Reached XP level 1. HP: 19/19 MP: 1/1
   269 | D:1      | Reached XP level 2. HP: 26/26 MP: 2/2
   530 | D:1      | Found a faded altar of an unknown god.
   568 | D:1      | Reached XP level 3. HP: 30/31 MP: 3/3
  1027 | D:2      | Reached skill level 5 in Axes
  1393 | D:3      | Found a shadowy altar of Dithmenos.
  1482 | D:3      | Reached XP level 4. HP: 26/39 MP: 4/4
  2294 | D:4      | Noticed an ogre
  2301 | D:3      | Reached XP level 5. HP: 26/45 MP: 5/5
  2493 | D:4      | Killed an ogre
  2494 | D:4      | Reached XP level 6. HP: 48/51 MP: 6/6
  2609 | D:4      | Found Ottooj Kabi's Antique Weapon Boutique.
  2980 | D:4      | HP: 2/51 [poisoned by an adder]
  3584 | D:4      | Noticed a black bear
  3592 | D:4      | Killed a black bear
  3593 | D:4      | Reached XP level 7. HP: 53/57 MP: 7/7
  3676 | D:4      | Reached skill level 10 in Axes
  3875 | D:5      | Entered Level 5 of the Dungeon
  4743 | D:5      | Found a runed translucent door.
  4744 | D:5      | Noticed a human
  4754 | D:5      | Reached XP level 8. HP: 64/64 MP: 8/8
  4958 | D:5      | Found a basalt altar of Yredelemnul.
  5179 | D:6      | Identified the +1 robe of Takhlaryo {rPois Will+}
  5862 | D:6      | Found a hazy altar of Hepliaklqana.
  5950 | D:6      | Found a sparkling altar of Nemelex Xobeh.
  5952 | D:6      | Found a radiant altar of Vehumet.
  6259 | D:6      | Reached XP level 9. HP: 59/70 MP: 9/9
  6656 | D:7      | Found a staircase to the Ecumenical Temple.
  6664 | Temple   | Entered the Ecumenical Temple
  6962 | D:7      | Noticed Duvessa
  6971 | D:7      | Killed Duvessa
  6972 | D:7      | Noticed Dowan
  6977 | D:7      | Killed Dowan
  6978 | D:7      | Reached skill level 15 in Axes
  7928 | D:6      | Found a stormy altar of Qazlal.
  7945 | D:6      | Became a worshipper of Hepliaklqana the Forgotten
  8228 | D:8      | Noticed a hornet
  8236 | D:8      | Killed a hornet
  8237 | D:8      | Reached skill level 4 in Fighting
  8294 | D:7      | Reached skill level 5 in Fighting
  8297 | D:7      | Reached skill level 6 in Fighting
  8646 | D:7      | Reached skill level 7 in Fighting
  8663 | D:7      | Reached skill level 8 in Fighting
  8663 | D:7      | Reached XP level 10. HP: 22/88 MP: 10/10
  9296 | D:8      | Noticed Grum
  9310 | D:8      | Killed Grum
  9311 | D:8      | Reached skill level 9 in Fighting
  9390 | D:8      | Reached * piety under Hepliaklqana
  9420 | D:8      | Noticed Prince Ribbit
  9437 | D:8      | Killed Prince Ribbit
  9601 | D:8      | Reached skill level 10 in Fighting
 10060 | D:9      | Found a staircase to the Lair.
 10117 | D:9      | Noticed a two-headed ogre
 10129 | D:9      | Killed a two-headed ogre
 10130 | D:9      | Reached skill level 11 in Fighting
 10451 | D:9      | Reached skill level 12 in Fighting
 10838 | D:9      | Reached skill level 13 in Fighting
 10906 | D:9      | Found a hide-covered altar of Uskayaw.
 10962 | D:9      | Noticed a two-headed ogre
 10971 | D:9      | Killed a two-headed ogre
 10972 | D:9      | Reached XP level 11. HP: 75/97 MP: 11/11
 11013 | D:9      | Found a runed translucent gate.
 11013 | D:9      | Found a runed translucent gate.
 11013 | D:9      | Found a runed translucent gate.
 11013 | D:9      | Noticed a red ugly thing
 11013 | D:9      | Noticed a green ugly thing
 11013 | D:9      | Noticed a brown ugly thing
 11014 | D:9      | Noticed a red ugly thing
 11025 | D:9      | Noticed a shock serpent
 11156 | D:10     | Entered Level 10 of the Dungeon
 11302 | D:10     | Noticed a four-headed hydra
 11309 | D:10     | Killed a one-headed hydra
 11310 | D:10     | Reached skill level 14 in Fighting
 11481 | D:10     | Noticed Fannar
 11506 | D:10     | Killed Fannar
 11617 | D:10     | Found a glowing silver altar of Zin.
 11624 | D:10     | Noticed Snorg
 11634 | D:10     | HP: 2/99 [Snorg (18)]
 11640 | D:10     | Killed Snorg
 11641 | D:10     | Reached skill level 15 in Fighting
 11727 | D:10     | Found Faoxt's Jewellery Shoppe.
 11868 | D:10     | Noticed Joseph
 11869 | D:10     | Reached ** piety under Hepliaklqana
 11878 | D:10     | Killed Joseph
 11907 | D:10     | Remembered your ancestor Lydia as a hexer
 12029 | D:10     | Noticed a cyclops
 12038 | D:10     | Killed a cyclops
 12430 | D:11     | Reached skill level 5 in Shields
 12673 | D:11     | Noticed a two-headed ogre
 12679 | D:11     | Killed a two-headed ogre
 12738 | D:11     | Reached skill level 1 in Dodging
 12780 | D:11     | Noticed Harold
 12792 | D:11     | Killed Harold
 13147 | D:11     | Noticed a boulder beetle
 13218 | D:10     | Killed a boulder beetle
 13335 | D:11     | Noticed a boulder beetle
 13348 | D:11     | Killed a boulder beetle
 13439 | D:11     | Reached XP level 12. HP: 107/107 MP: 12/12
 13610 | Lair:1   | Entered Level 1 of the Lair of Beasts
 13660 | Lair:1   | Found a transporter.
 13668 | Lair:1   | Noticed DocClef's ghost (novice TrHu)
 13685 | Lair:1   | Found a bloodstained altar of Trog.
 13699 | Lair:1   | Found a transporter.
 13714 | Lair:1   | Reached skill level 5 in Dodging
 13776 | Lair:1   | Identified the +0 cloak "Pefargh" {Drain rN++}
 13810 | Lair:1   | Reached skill level 1 in Evocations
 14213 | Lair:1   | Reached skill level 5 in Evocations
 14567 | Lair:2   | Reached *** piety under Hepliaklqana
 14693 | Lair:2   | Found a glowing golden altar of the Shining One.
 14736 | Lair:2   | Found a runed translucent door.
 14736 | Lair:2   | Found a shimmering altar of Xom.
 14736 | Lair:2   | Noticed MiltankisOP's ghost (journeyman OpTm)
 14893 | Lair:1   | Reached skill level 16 in Fighting
 15295 | Lair:2   | Reached **** piety under Hepliaklqana
 15735 | Lair:3   | Reached XP level 13. HP: 117/117 MP: 13/13
 15804 | Lair:3   | Reached skill level 17 in Fighting
 16153 | Lair:3   | Found a staircase to the Snake Pit.
 16556 | Lair:2   | Reached skill level 18 in Fighting
 17402 | Lair:4   | Identified the +1 ring mail of Resonance {Rampage rN+}
 17421 | Lair:4   | HP: 1/122 [meliai/divine providence (13)]
 17421 | Lair:4   | Killed from afar by a meliai

Illustrated notes

Levels and vault maps discovered:
D:1:      dpeg_arrival_brainrot, layout_rooms, ebering_ecumenical_altar_rust
D:2:      layout_rooms
D:3:      minmay_general_purpose_star, layout_rooms, lemuel_crystal_altar,
          guppyfry_early_orc_mine
D:4:      layout_basic, serial_shops, kennysheep_little_box, st_stairs_10,
          minmay_crossroads
D:5:      layout_rooms, dk_yredelemnul_ordeal
D:6:      layout_basic, nicolae_overflow_hidden_temple
D:7:      layout_cave_pods, minmay_temple_entry_ruins, lemuel_old_faithful,
          uniq_duvessa
D:8:      layout_basic, enter_bailey_5, hangedman_abyss_or_decor_stagger,
          roderic_lattice_a, uniq_prince_ribbit1, uniq_grum
D:9:      layout_big_octagon, kennysheep_mini, lair_entry_dummy,
          ploomutoo_gammafunk_ghost_potion_laboratory
D:10:     layout_grid_maze, zin_academy, serial_shops, shop, uniq_snorg,
          uniq_joseph, uniq_fannar
D:11:     layout_loops_ring, uniq_harold
Temple:   eino_temple_water
Lair:1:   layout_concentric_octagons, gammafunk_ghost_wrathful_warriors,
          wad_woods_03, grunt_megastairs_2, infiniplex_staircase_pool,
          serial_bayou_shore_b
Lair:2:   layout_regular_city, basic_altar, ebering_ghost_xom, minivault_19
Lair:3:   wad_woods_minihive, layout_cave_pods, minmay_snake_entry_spellcaster,
          serial_bayou, serial_bayou_lagoon_a, serial_bayou_shore_b,
          serial_bayou_pond_d, serial_bayou_shore_b, st_stairs_5
Lair:4:   regret_index_combs_of_tragedy, layout_concentric_octagons,
          minmay_shoals_entry_hut, nicolae_lair_yak_garden

Skill      XL: |  1  2  3  4  5  6  7  8  9 10 11 12 13 |
---------------+----------------------------------------+-----
Axes           | 3 4 5 6 8 9 11 14 16 17 | 17.3
Fighting       | 8 13 15 16 18 | 18.6
Shields        | 6 |  6.0
Dodging        | 4 6 |  6.0
Evocations     | 6 |  6.0
Armour         | |  3.2
Invocations    | |  0.8

Action                   |  1- 3 |  4- 6 |  7- 9 | 10-12 | 13-15 || total
-------------------------+-------+-------+-------+-------+-------++-------
Melee: War axe           |    92 |   111 |   280 |   440 |    39 ||   962
       Broad axe         |       |       |       |       |   146 ||   146
Throw: Boomerang         |       |     1 |       |     1 |     3 ||     5
       Dart              |       |       |       |     7 |       ||     7
       Throwing net      |       |       |       |     2 |       ||     2
Invok: Ancestor Identity |       |       |       |     1 |       ||     1
       Ancestor Life: He |       |       |       |     1 |       ||     1
       Recall Ancestor   |       |       |       |     1 |     2 ||     3
       Idealise          |       |       |       |       |     1 ||     1
       Transference      |       |       |       |       |     1 ||     1
Evoke: Wand              |       |     1 |       |       |     1 ||     2
  Use: Potion            |       |     1 |     4 |     4 |     4 ||    13
       Scroll            |       |       |    16 |     8 |     3 ||    27
 Stab: Distracted        |       |       |       |     9 |     1 ||    10
       Held in net/web   |       |       |       |     1 |       ||     1
       Confused          |       |       |       |     3 |     2 ||     5
Armor: Scale mail        |    36 |    41 |    41 |       |       ||   118
       Chain mail        |       |       |    43 |   132 |    77 ||   252
       Skin              |       |       |       |    46 |    71 ||   117
Dodge: Dodged            |    35 |    61 |    93 |    98 |    74 ||   361
Block: Buckler           |    13 |    27 |    47 |    65 |    53 ||   205
